 Dungeon Crawl Stone Soup version 0.21.1-1-g345015f (webtiles) character file.

34 Kairos the Shield-Bearer (level 3, -3/30 HPs)
             Began as a Formicid Fighter on Apr 7, 2018.
             Slain by a gnoll
             ... wielding a +0 halberd
              (8 damage)
             ... on level 1 of the Dungeon.
             The game lasted 00:01:51 (998 turns).

Kairos the Shield-Bearer (Formicid Fighter)          Turns: 998, Time: 00:01:52

Health: -3/30      AC: 10    Str: 20    XL:     3   Next: 50%
Magic:  3/3        EV:  7    Int:  7    God:
Gold:   77         SH:  9    Dex: 11    Spells: 2/2 levels left

rFire    . . .     SeeInvis +   a - +0 quarterstaff
rCold    + . .     Gourm    .   c - +0 shield
rNeg     . . .     Faith    .   b - +0 scale mail
rPois    .         Spirit   .   (helmet unavailable)
rElec    .         Reflect  .   (no cloak)
rCorr    .         Harm     .   (no gloves)
MR       .....                  (no boots)
Stlth    ..........             (no amulet)
HPRegen  0.10/turn              g - ring of protection from cold
MPRegen  0.08/turn              h - +4 ring of protection

@: drained
A: permanent stasis, dig shafts and tunnels, four strong arms, antennae 3
a: Dig, Shaft Self


You were on level 1 of the Dungeon.
You were not hungry.

You visited 1 branch of the dungeon, and saw 2 of its levels.

You collected 77 gold pieces.

Inventory:

Hand Weapons
 a - a +0 quarterstaff (weapon)
Armour
 b - a +0 scale mail (worn)
 c - a +0 shield (worn)
Jewellery
 g - a ring of protection from cold (left hand)
 h - a +4 ring of protection (right hand)
Scrolls
 i - a scroll of random uselessness {unknown}
 k - a scroll of noise {unknown}
 l - a scroll of identify {unknown}
 n - a scroll of magic mapping {unknown}
 o - a scroll of enchant weapon {unknown}
Potions
 d - 3 potions of might
 e - 2 potions of degeneration {unknown}
 j - 2 potions of resistance {unknown}
 m - a potion of lignification {unknown}
Comestibles
 f - 4 rations


   Skills:
 + Level 3.7(3.2) Fighting
 + Level 2.7(2.2) Staves
 + Level 3.3(2.9) Armour
 + Level 4.1(3.6) Shields


You had 2 spell levels left.
You didn't know any spells.

Dungeon Overview and Level Annotations

Branches:
Dungeon (2/15)

Altars:
Vehumet


Innate Abilities, Weirdness & Mutations

You cannot be hasted, slowed, berserked, paralysed or teleported.
You can dig through walls and to a lower floor.
Your four strong arms can wield two-handed weapons with a shield.
You have a pair of large antennae on your head. (SInv)


Message History

The gnoll is moderately wounded.
The gnoll barely misses you. The gnoll hits you but does no damage.
The gnoll hits you with a halberd. You block the gnoll's attack.
You are too injured to fight recklessly!
You are too injured to fight recklessly!
The gnoll hits you but does no damage. You block the gnoll's attack.
The gnoll barely misses you.
You climb upwards.
There is a stone staircase leading down here.
The gnoll hits you but does no damage. The gnoll barely misses you.
You block the gnoll's attack. x2
The gnoll hits you but does no damage.
The gnoll hits you from afar with a halberd!
* * * LOW HITPOINT WARNING * * *
The gnoll completely misses you. The gnoll hits you.
* * * LOW HITPOINT WARNING * * *
The gnoll hits you but does no damage. The gnoll hits you with a halberd!
You die...

....#...............#
....................#
....####.........#### ....#
#.........# #'###
#.........# #.#
######..###### #.#
#.....#.############ #.#
#.....#..#.g.......# #.#
#.....##.#.g@......#
÷.###.....##....g.....†#
........).............>#
#####......##..........#
##########.##....(.....####
##.........##..##.........#
#.........###.##.........#
#.........###.##.........#
#.........##....)........#


You could see 3 gnolls.

Vanquished Creatures
  A gnoll (D:1)
  3 goblins (D:2)
  6 hobgoblins
  4 kobolds
  A quokka (D:2)
  2 bats (D:1)
  A frilled lizard (D:2)
  4 rats
22 creatures vanquished.

Notes
Turn   | Place    | Note
-------+----------+-------------------------------------------
     0 | D:1      | Kairos the Formicid Fighter began the quest for the Orb.
     0 | D:1      | Reached XP level 1. HP: 18/18 MP: 1/1
   338 | D:1      | Reached XP level 2. HP: 23/24 MP: 2/2
   789 | D:2      | Reached skill level 4 in Shields
   798 | D:2      | Found a radiant altar of Vehumet.
   831 | D:2      | Reached XP level 3. HP: 23/29 MP: 3/3
   998 | D:1      | Slain by a gnoll

Skill      XL: |  1  2 |
---------------+-------+-----
Shields        | 4 |  4.1
Fighting       | |  3.7
Staves         | |  2.7
Armour         | |  3.3

Action                   || total
-------------------------++-------
Melee: Quarterstaff      ||    92
Armor: Scale mail        ||    41
Dodge: Dodged            ||    30
Block: Shield            ||    51
